 Dungeon Crawl Stone Soup version 0.27-a0-1200-g94dc6ad4cf (webtiles) character file.

Game seed: 179153759996416723

128 MacCMillion the Conjurer (level 4, 0/32 (33) HPs)
             Began as a Draconian Conjurer on May 30, 2021.
             Slain by a kobold brigand
             ... wielding a +1 dagger of draining
              (4 damage)
             ... on level 3 of the Dungeon.
             The game lasted 00:16:33 (3039 turns).

MacCMillion the Conjurer (Draconian Conjurer)       Turns: 3039, Time: 00:16:34

HP:   0/32 (33)     AC:  7    Str:  6 (9)  XL:     4   Next: 87%
MP:   1/8           EV: 12    Int: 19 (20) God:
Gold: 917           SH:  0    Dex:  8 (9)  Spells: 1/8 levels left

rFire    . . .     SeeInvis .   k - +4 whip
rCold    . . .     Faith    .   (no shield)
rNeg     . . .     Spirit   .   (armour unavailable)
rPois    .         Reflect  .   (helmet restricted)
rElec    .         Harm     .   j - +0 cloak
rCorr    .         Rampage  .   (no gloves)
Will     .....                  p - +0 pair of boots
Stlth    ++........             b - amulet of regeneration
HPRegen  1.10/turn              (no ring)
MPRegen  0.11/turn              (no ring)

@: mighty, lethally poisoned (0 -> -2), slowed, lightly drained, very slow
A: AC +5, unfitting armour, cold-blooded
a: no special abilities


You were on level 3 of the Dungeon.
You visited 1 branch of the dungeon, and saw 3 of its levels.

You collected 917 gold pieces.

Inventory:

Hand Weapons
 c - a +0 dagger
 k - a +4 whip (weapon)
Armour
 j - a +0 cloak (worn)
 p - a +0 pair of boots (worn)
Jewellery
 b - an amulet of regeneration (around neck)
 l - a +6 ring of strength
 n - a +6 ring of strength
Scrolls
 a - 2 scrolls of acquirement
 d - a scroll of enchant armour {unknown}
 g - a scroll of blinking {unknown}
 h - a scroll of magic mapping {unknown}
 i - a scroll of fear {unknown}
 m - 2 scrolls of identify {unknown}
 o - a scroll of noise {unknown}
 q - a scroll of teleportation {unknown}
Potions
 e - a potion of degeneration
 f - a potion of might


   Skills:
 - Level 2.6 Dodging
 + Level 2.1 Stealth
 + Level 2.9 Spellcasting
 - Level 5.0 Conjurations
 * Level 0.5 Air Magic


You had one spell level left.
You knew the following spells:

 Your Spells              Type           Power      Damage    Failure   Level
a - Magic Dart            Conj           84%        1d7       1%          1
b - Searing Ray           Conj           42%        3d4       3%          2
c - Shock                 Conj/Air       52%        1d6       4%          1
d - Swiftness             Air            4%         N/A       36%         3

Your spell library contained the following spells:

 Spells                   Type           Power      Damage    Failure   Level
 Static Discharge         Conj/Air       13%        N/A       8%          2
 Dazzling Flash           Conj/Hex       24%        N/A       17%         3
 Fulminant Prism          Conj/Hex       6%         3d7       50%         4
 Iskenderun's Mystic Bla  Conj/Tloc      12%        2d5       50%         4
 Airstrike                Air            2%         N/A       77%         4
 Lightning Bolt           Conj/Air       6%         1d18      80%         5


Dungeon Overview and Level Annotations

Branches:
Dungeon (3/15)

Altars:
Wu Jian


Innate Abilities, Weirdness & Mutations

Your plain brown scales are hard. (AC +5)
You cannot fit into any form of body armour.
You are cold-blooded and may be slowed by cold attacks.


Message History

The curare-tipped dart barely misses you.
Aiming: Magic Dart (safe; 1% risk of failure)
Press: ? - help, Q - select action, (/) - cycle Shift-Dir - straight line, f/p - kobold brigand
Aim: a kobold brigand, wielding a +1 dagger of draining and quivering curare-tipped darts (heavily wounded, 100% to hit)
The magic dart hits the kobold brigand.
The kobold brigand is severely wounded.
The kobold brigand throws a curare-tipped dart.
The curare-tipped dart misses you.
Aiming: Magic Dart (safe; 1% risk of failure)
Press: ? - help, Q - select action, (/) - cycle Shift-Dir - straight line, f/p - kobold brigand
Aim: a kobold brigand, wielding a +1 dagger of draining and quivering curare-tipped darts (severely wounded, 100% to hit)
You miscast Magic Dart.
You are very lightly contaminated with residual magic.
Nothing appears to happen.
The kobold brigand throws a curare-tipped dart.
The curare-tipped dart hits you.
You are poisoned.
You have difficulty breathing.
You feel yourself slow down.
You feel very sick.
The kobold brigand throws a curare-tipped dart.
The curare-tipped dart barely misses you.
You feel very sick.
Your magical contamination has completely faded away.
You feel very sick.
The kobold brigand throws a curare-tipped dart.
The curare-tipped dart hits you.
You are more poisoned.
You have difficulty breathing.
* * * LOW HITPOINT WARNING * * *
You feel as though you will be slow longer.
It was a potion of degeneration.
There was something very wrong with that liquid.
You feel weakened.
You feel dopey.
You feel clumsy.
* * * LOW HITPOINT WARNING * * *
You feel very sick.
It was a potion of might.
You feel very mighty all of a sudden.
You feel very sick.
The kobold brigand hits you with a +1 dagger of draining.
You die...

#.###.###.#####≈≈≈###...g
#...........≈≈≈≈≈≈≈≈#####
#####.#######≈≈≈≈≈≈≈≈≈#
### #.# ###≈≈≈##.# ...
#.# ##.#.....# #.# #.#
##.###.##.# #.# #.#
###.## ##.#.# #.# #.#
##.##.###.##.# #.#
#.###..K@..#.....# #.#
#......###...##..# #<#
######## ##.###..### #..
#.# #....## #># #.#
#.#...###.# #.#
#...#....†. #.#
#......##.# #.#
#.##.#.##.# #.#
#.####.##.#


You could see a kobold brigand.

Vanquished Creatures
  A hound (D:3)
  An adder (D:3)
  2 gnolls (D:1)
  A dart slug (D:2)
  2 orcs
  4 ball pythons
  4 bats
  6 endoplasms
  A giant cockroach (D:2)
  3 goblins (D:1)
  9 hobgoblins
  7 jackals
  4 quokkas
  A frilled lizard (D:2)
  8 kobolds
  7 rats
61 creatures vanquished.

Notes
Turn   | Place    | Note
-------+----------+-------------------------------------------
     0 | D:1      | MacCMillion the Draconian Conjurer began the quest for the
                  | Orb.
     0 | D:1      | Reached XP level 1. HP: 14/14 MP: 3/3
   236 | D:1      | Reached XP level 2. HP: 20/20 MP: 0/5
   687 | D:1      | Reached XP level 3. HP: 26/26 MP: 4/6
  1032 | D:1      | Found a faded altar of an unknown god.
  1264 | D:2      | Identified 3 scrolls of acquirement
  1264 | D:2      | Acquired 879 gold pieces
  2062 | D:2      | Reached XP level 4. HP: 33/33 MP: 3/7
  2579 | D:3      | Reached skill level 5 in Conjurations
  2585 | D:3      | Learned a level 2 spell: Searing Ray
  2782 | D:3      | Found an ornate altar of the Wu Jian Council.
  2787 | D:3      | Learned a level 1 spell: Shock
  2791 | D:3      | Learned a level 3 spell: Swiftness
  3010 | D:3      | Noticed a kobold brigand
  3039 | D:3      | Slain by a kobold brigand

Illustrated notes

Levels and vault maps discovered:
D:1:      zelgadis_glass_arrival_small, layout_loops_cross,
          basic_ecumenical_altar, minmay_misc_feat_pillars,
          grunt_decor_one_mirror, serial_park_tiny_2
D:2:      layout_loops_ring
D:3:      cheibrodos_thug_alley, layout_loops_ring, nicolae_wu_jian_wuxing_cycle

Skill      XL: |  1  2  3  4 |
---------------+-------------+-----
Dodging        | 2 |  2.6
Stealth        | 2 |  2.1
Conjurations   | 5 |  5.0
Spellcasting   | |  2.9
Air Magic      | |  0.5

Action                   |  1- 3 |  4- 6 || total
-------------------------+-------+-------++-------
Melee: Dagger            |    41 |       ||    41
       Tailslap          |     3 |       ||     3
 Cast: Magic Dart        |   111 |    29 ||   140
       Searing Ray       |       |     4 ||     4
  Use: Scroll            |     1 |       ||     1
       Potion            |       |     2 ||     2
Armor: Skin              |    33 |     2 ||    35
Dodge: Dodged            |    63 |    10 ||    73

Table legend: (Time is in decaauts)
 A = Elapsed time spent in this place.
 B = Non-inter-level travel time spent in this place.
 C = Inter-level travel time spent in this place.
 D = Time resting spent in this place.
 E = Time spent auto-exploring this place.
 F = Levels seen in this place.
 G = Mean time per level.
                   A        B        C        D        E       F      G
               +--------+--------+--------+--------+--------+-----+--------+
         Total |   3042 |   2988 |     54 |    183 |   2205 |   3 | 1014.0 |
       Dungeon |   3042 |   2988 |     54 |    183 |   2205 |   3 | 1014.0 |
               +--------+--------+--------+--------+--------+-----+--------+

Top non-repeatable levels by time:
     D:1: 1293 daAuts
     D:2: 1166 daAuts
     D:3: 583 daAuts
